SR
UNION CITY HILLERS @ MOOSE JAW CANUCKS
07/25/2034
 
TOP OF THE 1ST
Union City Hillers batting - Pitching for Moose Jaw Canucks : RHP Enrique Durán
Pitching: RHP Enrique Durán
Batting: SHB Mo Meaker 0-0: Called Strike
0-1: Ball
1-1: Foul Ball, location: 2F
1-2: SINGLE (Groundball, 6D)
Batting: RHB Arthur Cook 0-0: Ball
1-0: Ball
2-0: Ground out 6-3 (Groundball, 6MS)
Mo Meaker to second
Batting: LHB Seb Blanch 0-0: Ball
1-0: DOUBLE (Flyball, 78D)
Mo Meaker scores
Batting: RHB Ken Barger 0-0: Ball
1-0: Ball
2-0: Ball
3-0: Base on Balls
Batting: RHB Jesús Capmany 0-0: Ball
1-0: Foul Ball, location: 2F
1-1: Ball
2-1: 3-RUN HOME RUN (Flyball, 89XD), Distance : 395 ft
Batting: RHB Steffen Jones 0-0: Ball
1-0: Ball
2-0: SINGLE (Groundball, 34D)
Batting: RHB Tony Juderías 0-0: Fly out, F4 (Line Drive, 4)
Batting: RHB Artur Nugaev 0-0: Called Strike
0-1: Foul Ball, location: 2F
0-2: Foul Ball, location: 2F
0-2: Ball
1-2: Ball
2-2: Ball
3-2: Fly out, F3 (Popup, 4S)
Top of the 1st over - 4 runs, 4 hits, 0 errors, 1 left on base; Union City 4 - Moose Jaw 0
BOTTOM OF THE 1ST
Moose Jaw Canucks batting - Pitching for Union City Hillers : RHP Orlando Hernández
Pitching: RHP Orlando Hernández
Batting: RHB Álex Chávez 0-0: Swinging Strike
0-1: Swinging Strike
0-2: Ball
1-2: Foul Ball, location: 2F
1-2: Ball
2-2: Ball
3-2: Fly out, F8 (Line Drive, 78M)
Batting: RHB Peer Kattenberg 0-0: Ball
1-0: Fly out, F8 (Flyball, 8RD)
Batting: LHB Fernando Sandoval 0-0: Ball
1-0: Ball
2-0: Called Strike
2-1: Swinging Strike
2-2: Ball
3-2: Foul Ball, location: 2F
3-2: Fly out, F8 (Flyball, 8RS)
Bottom of the 1st over - 0 runs, 0 hits, 0 errors, 0 left on base; Union City 4 - Moose Jaw 0
TOP OF THE 2ND
Union City Hillers batting - Pitching for Moose Jaw Canucks : RHP Enrique Durán
Batting: RHB Joe Gram 0-0: Ground out 6-3 (Groundball, 56D)
Batting: SHB Mo Meaker 0-0: Ball
1-0: Ball
2-0: Ball
3-0: Base on Balls
Batting: RHB Arthur Cook 0-0: Swinging Strike
Mo Meaker steals 2nd base
0-1: Fly out, F9 (Flyball, 9LS)
Batting: LHB Seb Blanch 0-0: Called Strike
0-1: Swinging Strike
0-2: Strikes out looking
Top of the 2nd over - 0 runs, 0 hits, 0 errors, 1 left on base; Union City 4 - Moose Jaw 0
BOTTOM OF THE 2ND
Moose Jaw Canucks batting - Pitching for Union City Hillers : RHP Orlando Hernández
Batting: RHB Tim O'Brian 0-0: Called Strike
0-1: Ball
1-1: Ball
2-1: Foul Ball, location: 2F
2-2: Strikes out swinging
Batting: SHB Ricardo Serna 0-0: Ball
1-0: Ground out 3-1 (Groundball, 34S)
Batting: RHB An-te-hai Qing 0-0: Called Strike
0-1: Foul Ball, location: 2F
0-2: Strikes out swinging
Bottom of the 2nd over - 0 runs, 0 hits, 0 errors, 0 left on base; Union City 4 - Moose Jaw 0
TOP OF THE 3RD
Union City Hillers batting - Pitching for Moose Jaw Canucks : RHP Enrique Durán
Batting: RHB Ken Barger 0-0: Foul Ball, location: 2F
0-1: Ball
1-1: Foul Ball, location: 2F
1-2: Ball
2-2: Foul Ball, location: 2F
2-2: Ball
3-2: Fly out, F7 (Flyball, 7S)
Batting: RHB Jesús Capmany 0-0: Foul Ball, location: 2F
0-1: Ground out 6-3 (Groundball, 6)
Batting: RHB Steffen Jones 0-0: Ball
1-0: Ball
2-0: Ball
3-0: Called Strike
3-1: Foul Ball, location: 2F
3-2: Foul Ball, location: 2F
3-2: Reached on error, E4 (Popup, 4)
Batting: RHB Tony Juderías 0-0: Ball
1-0: Called Strike
1-1: Called Strike
1-2: Ball
2-2: Strikes out swinging
Top of the 3rd over - 0 runs, 0 hits, 1 error, 1 left on base; Union City 4 - Moose Jaw 0
BOTTOM OF THE 3RD
Moose Jaw Canucks batting - Pitching for Union City Hillers : RHP Orlando Hernández
Batting: LHB Bryan Decker 0-0: Ball
1-0: Foul Ball, location: 2F
1-1: Fly out, F6 (Popup, 6)
Batting: RHB Bernardo Rodríguez 0-0: Ball
1-0: Ball
2-0: Ground out U3 (Groundball, 34)
Batting: RHB Louis Gielens 0-0: Swinging Strike
0-1: Swinging Strike
0-2: Foul Ball, location: 2F
0-2: Ball
1-2: Strikes out swinging
Bottom of the 3rd over - 0 runs, 0 hits, 0 errors, 0 left on base; Union City 4 - Moose Jaw 0
TOP OF THE 4TH
Union City Hillers batting - Pitching for Moose Jaw Canucks : RHP Enrique Durán
Batting: RHB Artur Nugaev 0-0: Ball
1-0: Called Strike
1-1: Foul Ball, location: 2F
1-2: Strikes out looking
Batting: RHB Joe Gram 0-0: Called Strike
0-1: Swinging Strike
0-2: Strikes out swinging, 2-3 out at first.
Batting: SHB Mo Meaker 0-0: Ball
1-0: Foul Ball, location: 2F
1-1: Foul Ball, location: 2F
1-2: Foul Ball, location: 2F
1-2: Foul Ball, location: 2F
1-2: Fly out, F4 (Popup, 4)
Top of the 4th over - 0 runs, 0 hits, 0 errors, 0 left on base; Union City 4 - Moose Jaw 0
BOTTOM OF THE 4TH
Moose Jaw Canucks batting - Pitching for Union City Hillers : RHP Orlando Hernández
Batting: RHB Álex Chávez 0-0: Ball
1-0: Ball
2-0: Foul Ball, location: 2F
2-1: Foul Ball, location: 2F
2-2: Foul Ball, location: 2F
2-2: Strikes out swinging
Batting: RHB Peer Kattenberg 0-0: Foul Ball, location: 2F
0-1: Swinging Strike
0-2: Strikes out swinging
Batting: LHB Fernando Sandoval 0-0: Called Strike
0-1: Ball
1-1: Foul Ball, location: 2F
1-2: Ground out 4-3 (Groundball, 4S)
Bottom of the 4th over - 0 runs, 0 hits, 0 errors, 0 left on base; Union City 4 - Moose Jaw 0
TOP OF THE 5TH
Union City Hillers batting - Pitching for Moose Jaw Canucks : RHP Enrique Durán
Batting: RHB Arthur Cook 0-0: Ball
1-0: Ball
2-0: Called Strike
2-1: Ball
3-1: Called Strike
3-2: DOUBLE (Flyball, 9D)
Pinch Runner at 2nd Zi-jing Eng:
Batting: LHB Seb Blanch 0-0: Ball
1-0: Fly out, F7 (Flyball, 78S)
Batting: RHB Ken Barger 0-0: Ball
1-0: Ground out 4-3 (Groundball, 4)
Zi-jing Eng to third
Batting: RHB Jesús Capmany 0-0: Called Strike
0-1: Swinging Strike
0-2: Ball
1-2: Strikes out swinging
Top of the 5th over - 0 runs, 1 hit, 0 errors, 1 left on base; Union City 4 - Moose Jaw 0
BOTTOM OF THE 5TH
Moose Jaw Canucks batting - Pitching for Union City Hillers : RHP Orlando Hernández
Now at SS: Zi-jing Eng
Batting: RHB Tim O'Brian 0-0: Called Strike
0-1: Fly out, F9 (Flyball, 9D)
Batting: SHB Ricardo Serna 0-0: Ball
1-0: Ground out 6-3 (Groundball, 6)
Batting: RHB An-te-hai Qing 0-0: Ball
1-0: Ball
2-0: Fly out, F9 (Flyball, 9S)
Bottom of the 5th over - 0 runs, 0 hits, 0 errors, 0 left on base; Union City 4 - Moose Jaw 0
TOP OF THE 6TH
Union City Hillers batting - Pitching for Moose Jaw Canucks : RHP Enrique Durán
Batting: RHB Steffen Jones 0-0: Foul Ball, location: 2F
0-1: Foul Ball, location: 2F
0-2: Hit by Pitch
Batting: RHB Tony Juderías 0-0: Sac Bunt - play at first, batter OUT! 5-3
Steffen Jones to second
Batting: RHB Artur Nugaev 0-0: Ground out 5-3 (Groundball, 56)
Batting: RHB Joe Gram 0-0: Foul Ball, location: 2F
0-1: Foul Ball, location: 2F
0-2: Ball
1-2: Foul Ball, location: 2F
1-2: Ball
2-2: Ball
3-2: SINGLE (Groundball, 4MD)
Steffen Jones to third
Steffen Jones scores
Batting: SHB Mo Meaker 0-0: Called Strike
0-1: Ball
1-1: Ball
2-1: Fly out, F4 (Popup, 4M)
Top of the 6th over - 1 run, 1 hit, 0 errors, 1 left on base; Union City 5 - Moose Jaw 0
BOTTOM OF THE 6TH
Moose Jaw Canucks batting - Pitching for Union City Hillers : RHP Orlando Hernández
Batting: LHB Bryan Decker 0-0: Ball
1-0: Foul Ball, location: 2F
1-1: Swinging Strike
1-2: Ball
2-2: Ball
3-2: SINGLE (Line Drive, 78S)
Batting: RHB Bernardo Rodríguez 0-0: Swinging Strike
0-1: Foul Ball, location: 2F
0-2: Ball
1-2: SINGLE (Flyball, 78S)
Bryan Decker to second
Batting: RHB Louis Gielens 0-0: Called Strike
0-1: Ball
1-1: Swinging Strike
1-2: Grounds into double play, 4-6-3 (Groundball, 4)
Bryan Decker to third
Batting: RHB Álex Chávez 0-0: Ball
1-0: Called Strike
1-1: Foul Ball, location: 2F
1-2: Ball
2-2: Hit by Pitch
Batting: RHB Peer Kattenberg 0-0: Called Strike
0-1: SINGLE (Line Drive, 8LS)
Bryan Decker scores
Álex Chávez to second
Batting: LHB Fernando Sandoval 0-0: Ball
1-0: Ground out 6-3 (Groundball, 6M)
Bottom of the 6th over - 1 run, 3 hits, 0 errors, 2 left on base; Union City 5 - Moose Jaw 1
TOP OF THE 7TH
Union City Hillers batting - Pitching for Moose Jaw Canucks : RHP Enrique Durán
Batting: RHB Zi-jing Eng 0-0: Ball
1-0: Called Strike
1-1: Ball
2-1: Ball
3-1: Foul Ball, location: 2F
3-2: Strikes out swinging
Batting: LHB Seb Blanch 0-0: Ball
1-0: Ball
2-0: Called Strike
2-1: Swinging Strike
2-2: Strikes out looking
Batting: RHB Ken Barger 0-0: Ground out 4-3 (Groundball, 4)
Top of the 7th over - 0 runs, 0 hits, 0 errors, 0 left on base; Union City 5 - Moose Jaw 1
BOTTOM OF THE 7TH
Moose Jaw Canucks batting - Pitching for Union City Hillers : RHP Orlando Hernández
Batting: RHB Tim O'Brian 0-0: Foul Ball, location: 2F
0-1: Foul Ball, location: 2F
0-2: Foul Ball, location: 2F
0-2: Ball
1-2: Strikes out looking
Batting: SHB Ricardo Serna 0-0: Foul Ball, location: 2F
0-1: Called Strike
0-2: Fly out, F3 (Line Drive, 3S)
Batting: RHB An-te-hai Qing 0-0: Swinging Strike
0-1: Foul Ball, location: 2F
0-2: Strikes out swinging
Bottom of the 7th over - 0 runs, 0 hits, 0 errors, 0 left on base; Union City 5 - Moose Jaw 1
TOP OF THE 8TH
Union City Hillers batting - Pitching for Moose Jaw Canucks : RHP Enrique Durán
Batting: RHB Jesús Capmany 0-0: Ball
1-0: SINGLE (Groundball, 6D)
Batting: RHB Steffen Jones 0-0: Swinging Strike
0-1: Called Strike
0-2: Ball
1-2: DOUBLE (Line Drive, 7D)
Jesús Capmany to third
Runner from 3rd tries for Home, SAFE, no throw
Pitching: LHP Leevi Kangro
Batting: RHB Tony Juderías 0-0: Ball
1-0: Ball
2-0: Ball
3-0: Called Strike
3-1: Foul Ball, location: 2F
3-2: SINGLE (Line Drive, 6M)
Steffen Jones to third
Runner from 3rd tries for Home, SAFE, no throw
Batting: RHB Artur Nugaev 0-0: Ball
1-0: Fielders Choice at 2nd, 6-4 (Groundball, 6)
Batting: RHB Joe Gram 0-0: Ball
1-0: Called Strike
Artur Nugaev steals 2nd base
1-1: Ball
2-1: Foul Ball, location: 2F
2-2: SINGLE (Groundball, 6M) (infield hit)
Artur Nugaev to third
Batting: SHB Mo Meaker 0-0: Grounds into double play, 6-4-3 (Groundball, 6)
Top of the 8th over - 2 runs, 4 hits, 0 errors, 1 left on base; Union City 7 - Moose Jaw 1
BOTTOM OF THE 8TH
Moose Jaw Canucks batting - Pitching for Union City Hillers : RHP Orlando Hernández
Now in LF: Cesar Baardman
Batting: LHB Bryan Decker 0-0: Called Strike
0-1: Ball
1-1: Ground out 4-3 (Groundball, 4D)
Batting: RHB Bernardo Rodríguez 0-0: Foul Ball, location: 2F
0-1: Foul Ball, location: 2F
0-2: Ball
1-2: Strikes out looking
Batting: RHB Louis Gielens 0-0: Called Strike
0-1: Ball
1-1: Swinging Strike
1-2: Strikes out swinging
Bottom of the 8th over - 0 runs, 0 hits, 0 errors, 0 left on base; Union City 7 - Moose Jaw 1
TOP OF THE 9TH
Union City Hillers batting - Pitching for Moose Jaw Canucks : LHP Leevi Kangro
Pitching: RHP Guillermo Guerrero
Batting: RHB Zi-jing Eng 0-0: Called Strike
0-1: Foul Ball, location: 2F
0-2: Foul Ball, location: 2F
0-2: Strikes out swinging
Batting: LHB Seb Blanch 0-0: Called Strike
0-1: Swinging Strike
0-2: Foul Ball, location: 2F
0-2: Strikes out looking
Batting: RHB Ken Barger 0-0: Ball
1-0: Called Strike
1-1: Ball
2-1: Called Strike
2-2: Foul Ball, location: 2F
2-2: Foul Ball, location: 2F
2-2: SINGLE (Line Drive, 78S)
Batting: RHB Jesús Capmany 0-0: Swinging Strike
0-1: Foul Ball, location: 2F
0-2: Foul Ball, location: 2F
0-2: Foul Ball, location: 2F
0-2: Ball
1-2: Foul Ball, location: 2F
1-2: Strikes out swinging
Top of the 9th over - 0 runs, 1 hit, 0 errors, 1 left on base; Union City 7 - Moose Jaw 1
BOTTOM OF THE 9TH
Moose Jaw Canucks batting - Pitching for Union City Hillers : RHP Orlando Hernández
Batting: RHB Álex Chávez 0-0: Foul Ball, location: 2F
0-1: Ball
1-1: Ball
2-1: Foul Ball, location: 2F
2-2: Ground out 4-3 (Groundball, 4M)
Batting: RHB Peer Kattenberg 0-0: Ball
1-0: Foul Ball, location: 2F
1-1: Ball
2-1: Called Strike
2-2: Strikes out swinging
Batting: LHB Fernando Sandoval 0-0: Ball
1-0: Foul Ball, location: 2F
1-1: Ball
2-1: Ground out 4-3 (Groundball, 4M)
Bottom of the 9th over - 0 runs, 0 hits, 0 errors, 0 left on base; Union City 7 - Moose Jaw 1
Friday, March 29th, 2019 - OOTP Baseball 18.8 Build 76